SL
VANCOUVER GREY WOLVES @ ROCKY MOUNTAIN NUGGETS
07/09/2027
 
TOP OF THE 1ST
Vancouver Grey Wolves batting - Pitching for Rocky Mountain Nuggets : LHP Rafael Rivera
Pitching: LHP Rafael Rivera
Batting: RHB Danny Walsh 0-0: Called Strike
0-1: Fly out, F5 (Popup, 56)
Batting: RHB Hank Scorpio 0-0: Ball
1-0: Swinging Strike
1-1: Called Strike
1-2: Foul Ball, location: 2F
1-2: Strikes out swinging
Batting: RHB Frank Grimes 0-0: Called Strike
0-1: Ball
1-1: SINGLE (Line Drive, 7LM)
Batting: LHB Aquiles Marmelo 0-0: Foul Ball, location: 2F
0-1: Fly out, F8 (Flyball, 8RD)
Top of the 1st over - 0 run(s), 1 hit(s), 0 error(s), 1 left on base; Vancouver 0 - Rocky Mountain 0
BOTTOM OF THE 1ST
Rocky Mountain Nuggets batting - Pitching for Vancouver Grey Wolves : RHP Manny Caraballo
Pitching: RHP Manny Caraballo
Batting: RHB Luis Ríos 0-0: Ground out 6-3 (Groundball, 6)
Batting: RHB Andrés Rodríguez 0-0: Called Strike
0-1: Called Strike
0-2: Ball
1-2: Ball
2-2: Foul Ball, location: 2F
2-2: Ball
3-2: SINGLE (Line Drive, 56)
Batting: LHB Javier Sánchez 0-0: Ball
1-0: Ground out 4-3 (Groundball, 34D)
Andrés Rodríguez to second
Batting: RHB Gary Chalmers 0-0: Swinging Strike
0-1: Ball
1-1: Ball
2-1: Called Strike
2-2: Strikes out looking
Bottom of the 1st over - 0 run(s), 1 hit(s), 0 error(s), 1 left on base; Vancouver 0 - Rocky Mountain 0
TOP OF THE 2ND
Vancouver Grey Wolves batting - Pitching for Rocky Mountain Nuggets : LHP Rafael Rivera
Batting: RHB Robert O'Connor 0-0: Swinging Strike
0-1: Called Strike
0-2: Foul Ball, location: 2F
0-2: Ball
1-2: Ball
2-2: Strikes out swinging
Batting: RHB Tony Farquharson 0-0: Ball
1-0: Ball
2-0: Ball
3-0: Base on Balls
Batting: RHB Pau Arria 0-0: Called Strike
0-1: Swinging Strike
0-2: Ball
1-2: Ball
2-2: Ball
3-2: Foul Ball, location: 2F
3-2: Base on Balls
Tony Farquharson to second
Batting: SHB Ted Striker 0-0: Ball
1-0: SINGLE (Groundball, 6D)
Tony Farquharson to third
Pau Arria to second
Batting: LHB Michael Malloy 0-0: Fielders Choice at 2nd, 6-4 (Groundball, 6)
Tony Farquharson scores
Pau Arria to third
Batting: RHB Danny Walsh 0-0: Ball
1-0: Ball
2-0: Swinging Strike
2-1: Swinging Strike
2-2: Foul Ball, location: 2F
2-2: Strikes out swinging
Top of the 2nd over - 1 run(s), 1 hit(s), 0 error(s), 2 left on base; Vancouver 1 - Rocky Mountain 0
BOTTOM OF THE 2ND
Rocky Mountain Nuggets batting - Pitching for Vancouver Grey Wolves : RHP Manny Caraballo
Batting: LHB Chia-ch'ing Dodman 0-0: Ball
1-0: Ball
2-0: Called Strike
2-1: Foul Ball, location: 2F
2-2: Ball
3-2: Foul Ball, location: 2F
3-2: Base on Balls
Batting: RHB Marvin Hunter 0-0: Fly out, F5 (Popup, 56)
Batting: RHB Mark Melton 0-0: Ball
1-0: Ball
2-0: Called Strike
2-1: Foul Ball, location: 2F
2-2: Ball
3-2: Foul Ball, location: 2F
3-2: Fly out, F7 (Line Drive, 7)
Batting: RHB Sergio Martínez 0-0: Called Strike
0-1: Ball
1-1: SINGLE (Line Drive, 56D)
Chia-ch'ing Dodman to second
Batting: RHB Manuel Becerra 0-0: Fly out, F4 (Popup, 4D)
Bottom of the 2nd over - 0 run(s), 1 hit(s), 0 error(s), 2 left on base; Vancouver 1 - Rocky Mountain 0
TOP OF THE 3RD
Vancouver Grey Wolves batting - Pitching for Rocky Mountain Nuggets : LHP Rafael Rivera
Batting: RHB Hank Scorpio 0-0: Called Strike
0-1: Swinging Strike
0-2: Ball
1-2: SINGLE (Groundball, 56D)
Batting: RHB Frank Grimes 0-0: Called Strike
0-1: Ball
1-1: Foul Ball, location: 2F
1-2: SINGLE (Flyball, 8LS)
Hank Scorpio to second
Batting: LHB Aquiles Marmelo 0-0: Called Strike
0-1: Foul Ball, location: 2F
0-2: Ball
Wild Pitch!
Hank Scorpio to third
Frank Grimes to second
1-2: Fly out, F7 (Flyball, 78D)
Runner from 3rd tags up, SCORES, no throw
Batting: RHB Robert O'Connor 0-0: Fly out, F7 (Flyball, 78D)
Batting: RHB Tony Farquharson 0-0: Ball
1-0: Swinging Strike
1-1: Foul Ball, location: 2F
1-2: Foul Ball, location: 2F
1-2: SINGLE (Line Drive, 78S)
Frank Grimes to third
Runner from 3rd tries for Home, SAFE, no throw
Batting: RHB Pau Arria 0-0: Ball
1-0: Fly out, F7 (Line Drive, 7)
Top of the 3rd over - 2 run(s), 3 hit(s), 0 error(s), 1 left on base; Vancouver 3 - Rocky Mountain 0
BOTTOM OF THE 3RD
Rocky Mountain Nuggets batting - Pitching for Vancouver Grey Wolves : RHP Manny Caraballo
Batting: RHB Luis Ríos 0-0: Called Strike
0-1: SINGLE (Groundball, 4) (infield hit)
Batting: RHB Andrés Rodríguez 0-0: Called Strike
0-1: Ball
1-1: Called Strike
1-2: 2-RUN HOME RUN (Flyball, 7D), Distance : 380 ft
Batting: LHB Javier Sánchez 0-0: Swinging Strike
0-1: Ball
1-1: Called Strike
1-2: Ground out 4-3 (Groundball, 4)
Batting: RHB Gary Chalmers 0-0: Ball
1-0: SINGLE (Flyball, 89S)
Batting: LHB Chia-ch'ing Dodman 0-0: Swinging Strike
0-1: Foul Ball, location: 2F
0-2: Ball
1-2: Ball
2-2: Foul Ball, location: 2F
2-2: Fly out, F8 (Flyball, 8RM)
Batting: RHB Marvin Hunter 0-0: Called Strike
0-1: Ball
1-1: Ground out 1-3 (Groundball, P)
Bottom of the 3rd over - 2 run(s), 3 hit(s), 0 error(s), 1 left on base; Vancouver 3 - Rocky Mountain 2
TOP OF THE 4TH
Vancouver Grey Wolves batting - Pitching for Rocky Mountain Nuggets : LHP Rafael Rivera
Batting: SHB Ted Striker 0-0: Ball
1-0: Ball
2-0: Foul Ball, location: 2F
2-1: Foul Ball, location: 2F
2-2: Ground out 1-3 (Groundball, 13S)
Batting: LHB Michael Malloy 0-0: Called Strike
0-1: Ball
1-1: Ball
2-1: Foul Ball, location: 2F
2-2: Ground out 4-3 (Groundball, 4M)
Batting: RHB Danny Walsh 0-0: Ball
1-0: Ground out 3-1 (Groundball, 34)
Top of the 4th over - 0 run(s), 0 hit(s), 0 error(s), 0 left on base; Vancouver 3 - Rocky Mountain 2
BOTTOM OF THE 4TH
Rocky Mountain Nuggets batting - Pitching for Vancouver Grey Wolves : RHP Manny Caraballo
Batting: RHB Mark Melton 0-0: Swinging Strike
0-1: Ball
1-1: Bunted foul
1-2: Ground out 6-3 (Groundball, 6S)
Batting: RHB Sergio Martínez 0-0: Ball
1-0: Called Strike
1-1: Swinging Strike
1-2: Ball
2-2: Ground out 5-3 (Groundball, 5L)
Batting: RHB Manuel Becerra 0-0: Ball
1-0: Called Strike
1-1: Ball
2-1: Foul Ball, location: 2F
2-2: Foul Ball, location: 2F
2-2: Foul Ball, location: 2F
2-2: Reached on error, E1 (Groundball, 15S)
Batting: RHB Luis Ríos 0-0: Ball
1-0: Ball
2-0: Ground out 3-1 (Groundball, 34)
Bottom of the 4th over - 0 run(s), 0 hit(s), 1 error(s), 1 left on base; Vancouver 3 - Rocky Mountain 2
TOP OF THE 5TH
Vancouver Grey Wolves batting - Pitching for Rocky Mountain Nuggets : LHP Rafael Rivera
Batting: RHB Hank Scorpio 0-0: SINGLE (Line Drive, 4MD)
Batting: RHB Frank Grimes 0-0: Foul Ball, location: 2F
0-1: Ball
1-1: Foul Ball, location: 2F
1-2: Foul Ball, location: 2F
1-2: Ball
2-2: Ball
3-2: Ground out 2-3 (Groundball, 15S)
Hank Scorpio to second
Batting: LHB Aquiles Marmelo 0-0: Called Strike
0-1: Called Strike
0-2: 2-RUN HOME RUN (Flyball, 9D), Distance : 372 ft
Batting: RHB Robert O'Connor 0-0: Ball
1-0: Foul Ball, location: 2F
1-1: Ball
2-1: Reached on error, E5 (Groundball, 56)
Batting: RHB Tony Farquharson 0-0: Ball
1-0: Ball
2-0: Fly out, F9 (Flyball, 9)
Batting: RHB Pau Arria 0-0: Ball
1-0: Fielders Choice at 2nd, 6-4 (Groundball, 56)
Top of the 5th over - 2 run(s), 2 hit(s), 1 error(s), 0 left on base; Vancouver 5 - Rocky Mountain 2
BOTTOM OF THE 5TH
Rocky Mountain Nuggets batting - Pitching for Vancouver Grey Wolves : RHP Manny Caraballo
Batting: RHB Andrés Rodríguez 0-0: Ball
1-0: Foul Ball, location: 2F
1-1: Ball
2-1: Ball
3-1: Called Strike
3-2: DOUBLE (Flyball, 8LXD)
Batting: LHB Javier Sánchez 0-0: Ball
1-0: Foul Ball, location: 2F
1-1: Ground out 3-1 (Groundball, 34)
Andrés Rodríguez to third
Batting: RHB Gary Chalmers 0-0: Called Strike
0-1: Ball
1-1: Ball
2-1: Swinging Strike
2-2: Ground out 5-3 (Groundball, 5S)
Batting: LHB Chia-ch'ing Dodman 0-0: Ball
1-0: Fly out, F6 (Flyball, 6MD)
Bottom of the 5th over - 0 run(s), 1 hit(s), 0 error(s), 1 left on base; Vancouver 5 - Rocky Mountain 2
TOP OF THE 6TH
Vancouver Grey Wolves batting - Pitching for Rocky Mountain Nuggets : LHP Rafael Rivera
Batting: SHB Ted Striker 0-0: Called Strike
0-1: Ball
1-1: Called Strike
1-2: Ball
2-2: Foul Ball, location: 2F
2-2: Foul Ball, location: 2F
2-2: Fly out, F9 (Line Drive, 9LM)
Batting: LHB Michael Malloy 0-0: Ball
1-0: Ball
2-0: Ball
3-0: Called Strike
3-1: Called Strike
3-2: Fly out, F4 (Line Drive, 4)
Batting: RHB Danny Walsh 0-0: Called Strike
0-1: Ball
1-1: Ball
2-1: Foul Ball, location: 2F
2-2: Ball
3-2: Foul Ball, location: 2F
3-2: SINGLE (Line Drive, 6M)
Pitching: RHP Dave Tomlinson
Batting: RHB Hank Scorpio Pickoff Throw to First - Out!
Top of the 6th over - 0 run(s), 1 hit(s), 0 error(s), 0 left on base; Vancouver 5 - Rocky Mountain 2
BOTTOM OF THE 6TH
Rocky Mountain Nuggets batting - Pitching for Vancouver Grey Wolves : RHP Manny Caraballo
Batting: RHB Marvin Hunter 0-0: Called Strike
0-1: Foul Ball, location: 2F
0-2: Fly out, F8 (Line Drive, 78D)
Batting: RHB Mark Melton 0-0: Foul Ball, location: 2F
0-1: Swinging Strike
0-2: Foul Ball, location: 2F
0-2: Foul Ball, location: 2F
0-2: Ball
1-2: Ball
2-2: Ball
3-2: Foul Ball, location: 2F
3-2: Foul Ball, location: 2F
3-2: Foul Ball, location: 2F
3-2: Fly out, F1 (Line Drive, 13)
Batting: RHB Sergio Martínez 0-0: Ball
1-0: SOLO HOME RUN (Flyball, 7D), Distance : 372 ft
Batting: RHB Manuel Becerra 0-0: Fly out, F8 (Flyball, 8RM)
Bottom of the 6th over - 1 run(s), 1 hit(s), 0 error(s), 0 left on base; Vancouver 5 - Rocky Mountain 3
TOP OF THE 7TH
Vancouver Grey Wolves batting - Pitching for Rocky Mountain Nuggets : RHP Dave Tomlinson
Batting: RHB Hank Scorpio 0-0: Foul Ball, location: 2F
0-1: Fly out, F9 (Line Drive, 89M)
Batting: RHB Frank Grimes 0-0: Ball
1-0: Fly out, F6 (Line Drive, 56)
Batting: LHB Aquiles Marmelo 0-0: Fly out, F9 (Flyball, 9S)
Top of the 7th over - 0 run(s), 0 hit(s), 0 error(s), 0 left on base; Vancouver 5 - Rocky Mountain 3
BOTTOM OF THE 7TH
Rocky Mountain Nuggets batting - Pitching for Vancouver Grey Wolves : RHP Manny Caraballo
Pitching: RHP Tyler Rodríguez
Batting: RHB Luis Ríos 0-0: Ball
1-0: Called Strike
1-1: Called Strike
1-2: Foul Ball, location: 2F
1-2: Foul Ball, location: 2F
1-2: Ball
2-2: SINGLE (Flyball, 78S)
Batting: RHB Andrés Rodríguez 0-0: Called Strike
Luis Ríos is caught stealing 2nd base
0-1: Called Strike
0-2: Ball
1-2: Foul Ball, location: 2F
1-2: Foul Ball, location: 2F
1-2: Ball
2-2: Ball
3-2: Strikes out swinging
Batting: LHB Javier Sánchez 0-0: Ball
1-0: Ball
2-0: Called Strike
2-1: Called Strike
2-2: Foul Ball, location: 2F
2-2: Fly out, F8 (Flyball, 8LD)
Bottom of the 7th over - 0 run(s), 1 hit(s), 0 error(s), 0 left on base; Vancouver 5 - Rocky Mountain 3
TOP OF THE 8TH
Vancouver Grey Wolves batting - Pitching for Rocky Mountain Nuggets : RHP Dave Tomlinson
Batting: RHB Robert O'Connor 0-0: Swinging Strike
0-1: Ball
1-1: Foul Ball, location: 2F
1-2: SINGLE (Groundball, 4D)
Batting: RHB Tony Farquharson 0-0: Called Strike
0-1: Ball
1-1: Ball
2-1: Foul Ball, location: 2F
2-2: Strikes out swinging
Batting: RHB Pau Arria 0-0: Grounds into double play, 5-4-3 (Groundball, 56)
Top of the 8th over - 0 run(s), 1 hit(s), 0 error(s), 0 left on base; Vancouver 5 - Rocky Mountain 3
BOTTOM OF THE 8TH
Rocky Mountain Nuggets batting - Pitching for Vancouver Grey Wolves : RHP Tyler Rodríguez
Batting: RHB Gary Chalmers 0-0: Called Strike
0-1: Ball
1-1: Foul Ball, location: 2F
1-2: Fly out, F9 (Flyball, 9)
Batting: LHB Chia-ch'ing Dodman 0-0: Ball
1-0: Fly out, F9 (Flyball, 9)
Batting: RHB Marvin Hunter 0-0: Ball
1-0: Called Strike
1-1: Foul Ball, location: 2F
1-2: Ball
2-2: Ball
3-2: Strikes out swinging
Bottom of the 8th over - 0 run(s), 0 hit(s), 0 error(s), 0 left on base; Vancouver 5 - Rocky Mountain 3
TOP OF THE 9TH
Vancouver Grey Wolves batting - Pitching for Rocky Mountain Nuggets : RHP Dave Tomlinson
Pitching: RHP Jorge Garza
Batting: SHB Ted Striker 0-0: Ball
1-0: Ball
2-0: Called Strike
2-1: SINGLE (Line Drive, 8RS)
Batting: LHB Michael Malloy 0-0: Foul Ball, location: 2F
0-1: Ball
1-1: SINGLE (Groundball, 25) (infield hit)
Ted Striker to second
Batting: RHB Danny Walsh 0-0: Ball
1-0: Foul Ball, location: 2F
1-1: Foul Ball, location: 2F
1-2: Ball
2-2: Ball
3-2: Foul Ball, location: 2F
3-2: Foul Ball, location: 2F
3-2: Foul Ball, location: 2F
3-2: Base on Balls
Ted Striker to third
Michael Malloy to second
Batting: RHB Hank Scorpio 0-0: Grounds into fielders choice 5-2 (Groundball, 5)
Michael Malloy to third
Danny Walsh to second
Batting: RHB Frank Grimes 0-0: Called Strike
0-1: Swinging Strike
0-2: Ball
1-2: Foul Ball, location: 2F
1-2: Foul Ball, location: 2F
1-2: Ball
2-2: Strikes out looking
Batting: LHB Aquiles Marmelo 0-0: Fielders Choice at 2nd, 4-6 (Groundball, 4)
Top of the 9th over - 0 run(s), 2 hit(s), 0 error(s), 2 left on base; Vancouver 5 - Rocky Mountain 3
BOTTOM OF THE 9TH
Rocky Mountain Nuggets batting - Pitching for Vancouver Grey Wolves : RHP Tyler Rodríguez
Pitching: RHP Francisco Valdés
Batting: RHB Mark Melton 0-0: Ball
1-0: Swinging Strike
1-1: Foul Ball, location: 2F
1-2: Ground out 5-3 (Groundball, 5)
Batting: RHB Sergio Martínez 0-0: Ball
1-0: Swinging Strike
1-1: Ball
2-1: Called Strike
2-2: Strikes out swinging
Batting: RHB Manuel Becerra 0-0: Foul Ball, location: 2F
0-1: Swinging Strike
0-2: Ball
1-2: Strikes out swinging
Bottom of the 9th over - 0 run(s), 0 hit(s), 0 error(s), 0 left on base; Vancouver 5 - Rocky Mountain 3
Saturday, May 26th, 2018 - OOTP Baseball 17.12 Build 75